Map: Equilibrium LE

Players

SubN - Winner!

  • Race: Zerg Zerg
  • League: Diamond
  • Spawn Location: 1:00

TheGeneral

  • Race: Protoss Protoss
  • League: Diamond
  • Spawn Location: 11:00

VOD

Have the link to the VOD?

Description

Time

  • Played on: Nov. 22, 2023, 6:43 p.m.
  • Length: 11:00
Show
View Real Time Build Order
Export as new Build Order

SubN Zerg - Winner!

Build Orders: Hatch First 

Get SALT Encoding   

  12  0:00  Drone  
  13  0:12  Overlord  
  13  0:17  Drone  
  14  0:30  Drone x2  
  16  0:49  Hatchery  
  15  0:54  Drone  
  15  0:56  Drone  
  17  0:59  Drone  
  17  1:02  Extractor  
  17  1:17  Spawning Pool  
  16  1:22  Drone x2  
  18  1:28  Drone  
  19  1:38  Drone  
  20  1:51  Overlord  
  20  2:04  Queen  
  20  2:05  Queen  
  24  2:10  Zergling x4  
  24  2:11  Metabolic Boost  
  26  2:31  Drone  
  26  2:32  Drone x3  
  30  2:48  Queen  
  30  2:50  Drone x4  
  36  3:00  Overlord  
  36  3:04  Overlord  
  36  3:19  Drone x5  
  41  3:22  Hatchery  
  40  3:28  Overlord  
  40  3:33  Queen  
  42  3:38  Lair  
  42  3:41  Drone x2  
  42  3:42  Drone  
  45  4:03  Drone x6  
  45  4:04  Roach Warren  
  45  4:05  Evolution Chamber  
  45  4:08  Evolution Chamber  
  48  4:24  Extractor  
  47  4:27  Extractor  
  46  4:31  Zerg Missile Weapons Level 1  
  46  4:36  Drone x9  
  55  4:46  Drone x3  
  55  4:50  Overlord  
  55  4:51  Overlord x2  
  58  4:59  Zerg Ground Armor Level 1  
  58  5:08  Queen x2  
  58  5:10  Queen  
  58  5:12  Overlord x2  
  64  5:20  Spore Crawler x2  
  62  5:23  Spore Crawler  
  62  5:24  Roach  
  62  5:25  Roach x6  
  75  5:35  Glial Reconstitution  
  75  5:37  Extractor  
  75  5:38  Drone x3  
  77  5:44  Roach  
  77  5:45  Roach  
  77  5:49  Roach  
  85  5:50  Roach  
  85  5:51  Zergling x2  
  85  5:52  Zergling x8  
  90  5:57  Zergling x2  
  91  6:10  Roach  
  91  6:11  Roach x2  
  97  6:13  Overlord x5  
  98  6:25  Drone  
  98  6:38  Ravager  
  98  6:39  Ravager x4  
  103  6:41  Roach  
  103  6:42  Roach  
  103  6:44  Zergling x18  
  103  6:45  Zergling x8  
  120  6:56  Roach  
  120  6:57  Roach x2  
  126  7:06  Zerg Missile Weapons Level 2  
  126  7:11  Zerg Melee Weapons Level 1  
  126  7:12  Overlord x3  
  126  7:13  Overlord x4  
  126  7:16  Overseer  
  126  7:22  Zergling x8  
  97  7:58  Roach x6  
  89  7:59  Roach x9  
  99  8:17  Roach x9  
  117  8:23  Ravager  
  117  8:25  Zergling x4  
  120  8:31  Baneling Nest  
  119  8:35  Zergling x14  
  126  8:54  Zergling x12  
  126  8:55  Zergling x4  
  133  9:22  Drone x6, Hatchery  
  133  9:23  Drone x6  
  113  9:54  Zergling x2  
  113  9:55  Zergling x20  
  124  10:04  Roach x2  
  124  10:05  Roach x4  
  122  10:27  Roach x2  
  122  10:28  Roach x6  
  132  10:34  Zergling x8  
  132  10:35  Zergling x6  
Show
View Real Time Build Order
Export as new Build Order

TheGeneral Protoss 

Build Orders: 1 Gate Expand 

Get SALT Encoding   

  12  0:00  Probe  
  13  0:13  Probe  
  14  0:19  Pylon  
  14  0:25  Probe  
  15  0:38  Gateway  
  15  0:40  Probe (Chrono Boost)  
  17  0:50  Probe (Chrono Boost)  
  17  0:54  Assimilator  
  17  0:55  Probe (Chrono Boost)  
  18  1:06  Probe  
  19  1:18  Probe (Chrono Boost)  
  20  1:29  Probe (Chrono Boost)  
  21  1:33  Probe (Chrono Boost)  
  22  1:40  Nexus  
  22  1:44  Probe  
  22  1:46  Pylon  
  23  1:57  Cybernetics Core  
  23  2:04  Probe, Assimilator  
  24  2:15  Gateway  
  24  2:16  Probe (Chrono Boost)  
  25  2:27  Probe (Chrono Boost)  
  26  2:37  Adept  
  26  2:38  Warp Gate  
  27  2:50  Shield Battery  
  27  2:55  Probe (Chrono Boost)  
  29  2:59  Probe (Chrono Boost)  
  29  3:04  Probe (Chrono Boost)  
  30  3:08  Adept  
  32  3:14  Pylon  
  32  3:16  Gateway, Probe (Chrono Boost)  
  34  3:21  Probe (Chrono Boost)  
  34  3:25  Twilight Council  
  34  3:26  Probe (Chrono Boost)  
  35  3:29  Sentry  
  35  3:30  Probe (Chrono Boost)  
  35  3:31  Probe (Chrono Boost)  
  39  3:36  Assimilator  
  39  3:40  Probe  
  40  3:42  Probe  
  40  3:46  Stalker  
  43  3:54  Probe (Chrono Boost), Assimilator  
  43  3:55  Probe (Chrono Boost)  
  45  4:04  Stalker  
  45  4:06  Probe (Chrono Boost), Sentry  
  45  4:08  Probe (Chrono Boost)  
  51  4:10  Probe (Chrono Boost)  
  51  4:16  Probe  
  53  4:21  Probe  
  54  4:29  Pylon  
  54  4:35  Pylon  
  54  4:40  Pylon  
  54  4:41  Pylon  
  54  4:43  Charge (Chrono Boost)  
  54  4:47  Probe x2  
  54  4:49  Pylon, Templar Archives  
  54  4:52  Pylon  
  56  4:56  Pylon  
  56  4:58  Forge  
  56  4:59  Probe x2  
  58  5:08  Robotics Facility  
  58  5:11  Probe (Chrono Boost)  
  59  5:17  Gateway  
  59  5:20  Gateway  
  59  5:23  Gateway  
  59  5:27  Psionic Storm, Forge  
  59  5:28  Probe (Chrono Boost)  
  60  5:33  High Templar  
  62  5:37  Protoss Ground Weapons Level 1 (Chrono Boost)  
  62  5:41  High Templar x2  
  67  5:59  Immortal  
  70  6:07  Photon Cannon  
  70  6:22  Shield Battery, Photon Cannon  
  70  6:28  Stalker, Nexus  
  70  6:30  Pylon, Zealot  
  70  6:31  Blink (Chrono Boost)  
  74  6:32  Assimilator  
  74  6:33  Protoss Shields Level 1 (Chrono Boost)  
  74  6:37  Assimilator  
  75  6:42  Observer  
  75  6:53  High Templar, Zealot x2  
  75  6:54  Zealot x2  
  85  7:01  Immortal  
  89  7:03  Probe  
  90  7:10  Probe  
  89  7:15  Zealot  
  89  7:18  Stalker  
  89  7:19  Zealot x2  
  89  7:22  Sentry  
  99  7:30  Probe, Shield Battery  
  99  7:32  Pylon  
  99  7:33  Shield Battery  
  72  7:50  Stalker x2  
  72  7:51  Zealot x2  
  68  7:52  Zealot x2  
  68  7:55  Probe  
  69  8:03  Probe  
  69  8:04  Probe  
  61  8:07  Probe  
  60  8:15  Probe, High Templar x2  
  60  8:16  Zealot x4  
  74  8:21  Observer (Chrono Boost)  
  74  8:23  Gateway x2, Probe  
  74  8:25  Probe  
  76  8:28  Probe  
  76  8:33  Pylon  
  77  8:36  Probe  
  77  8:37  Probe  
  77  8:40  Robotics Bay, Probe  
  80  8:49  High Templar  
  80  8:52  Stalker  
  84  8:56  Probe  
  85  9:08  Nexus  
  85  9:11  Pylon  
  85  9:13  Probe x3  
  85  9:15  Stalker, High Templar  
  92  9:23  Immortal (Chrono Boost)  
  96  9:32  Archon  
  88  9:39  Stalker, Zealot x3  
  88  9:40  Zealot x2  
  88  9:41  Zealot  
  76  9:59  Stalker  
  67  10:00  Immortal (Chrono Boost)  
  67  10:07  Stalker x3  
  71  10:23  Stalker x2  
  71  10:34  Zealot x2  
  71  10:35  Zealot  
  73  10:39  Zealot  
  73  10:40  Zealot  
  67  10:47  Stalker  
  67  10:48  Stalker  
Tags
 
Add a new tag
Caveats
  • Supply blocks, unpowered buildings, or Contaminate may cause inaccurate times.
  • Supply counts are checked every 10 seconds.